 Dungeon Crawl Stone Soup version 0.31.0-32-g396128a36d (webtiles) character file.

Game seed: 11181195105737067769

911 BigDaddyOpFi the Conjurer (level 7, -4/32 HPs)
             Began as a Felid Earth Elementalist on Mar 12, 2024.
             Slain by a killer bee (9 damage)
             ... on level 5 of the Dungeon.
             The game lasted 00:10:34 (5385 turns).

BigDaddyOpFi the Conjurer (FeEE)                    Turns: 5385, Time: 00:10:35

Health: -4/32      AC:  2    Str:  4    XL:     7   Next: 82%
Magic:  0/14       EV: 17    Int: 20    God:
Gold:   236        SH:  0    Dex: 17    Spells: 6/14 levels left
                                        Lives:  0   Deaths: 3

rFire   + .          .
                       - Unarmed
rCold   . . .        (shield unavailable)
rNeg    . . .        (body armour unavailable)
rPois   .            (helmet unavailable)
rElec   .            (cloak unavailable)
rCorr   .            (gloves unavailable)
SInv    +            (boots unavailable)
Will    +++..        (no amulet)
Stlth   ++           f - ring of protection from fire
HPRegen 0.25/turn    h - ring of willpower
MPRegen 0.14/turn

%: no passive effects
@: lethally poisoned (-4 -> -6), enlightened, flying
A: very small, claws 1, fangs 3, see invisible, shaggy fur 2, stealthy paws, no
weapons or thrown items, no armour, multi-lived
a: no special abilities


You were on level 5 of the Dungeon.
You visited 2 branches of the dungeon, and saw 6 of its levels.

You collected 236 gold pieces.

Inventory:

Jewellery
 f - a ring of protection from fire (left paw)
 h - a ring of willpower (right paw)
Wands
 a - a wand of polymorph (5)
Scrolls
 c - a scroll of silence
 d - a scroll of enchant armour


   Skills:
 - Level 2.6 Dodging
 - Level 2.6 Stealth
 + Level 3.2 Unarmed Combat
 + Level 4.2 Spellcasting
 * Level 4.7 Conjurations
 + Level 4.3 Earth Magic
 + Level 2.9 Evocations


You had 6 spell levels left.
You knew the following spells:

 Your Spells              Type           Power      Damage    Failure   Level
a - Sandblast             Erth           42%        2d11      2%          1
b - Stone Arrow           Conj/Erth      44%        3d9       6%          3
c - Brom's Barrelling Bo  Conj/Erth      22%        2d4       19%         4

Your spell library contained the following spells:

 Spells                   Type           Power      Damage    Failure   Level
 Passwall                 Erth           21%        N/A       6%          3
 Fugue of the Fallen      Necr           4%         N/A       36%         3
 Ozocubu's Armour         Ice            4%         N/A       36%         3
 Petrify                  Alch/Erth      12%        N/A       45%         4
 Manifold Assault         Tloc           4%         N/A       77%         4


Dungeon Overview and Level Annotations

Branches:
Dungeon (5/15)             Temple (1/1) D:4

Altars:
Ashenzari
Cheibriados
Dithmenos
Elyvilon
Fedhas
Hepliaklqana
Kikubaaqudgha
Makhleb
Okawaru
Ru
Sif Muna
Trog
Uskayaw
Xom
Yredelemnul
Zin
The Shining One

Shops:
D:4 (

Annotations:
D:3 2 transporters, Consumeair16's ghost, amateur GnFi


Innate Abilities, Weirdness & Mutations

You have sharp claws.
You have razor-sharp teeth.
You have supernaturally acute eyesight. (SInv)
You are covered in thick fur. (AC +2)
Your paws help you pounce on unaware monsters.
You are incapable of wielding weapons or throwing items.
You cannot wear armour.
You gain extra lives every three experience levels.


Message History

You fly up into the air.
You feel sick. The killer bee barely misses you. x2
Your magical contamination has completely faded away.
It was a potion of heal wounds.
You feel much better.
You feel sick. The killer bee stings you! The killer bee stings you.
You are more poisoned.
The killer bee poisons you! The killer bee completely misses you.
The killer bee closely misses you.
Casting: Sandblast (safe; 2% risk of failure)
Confirm with . or Enter, or press ? or * to list all spells.
You don't have enough magic to cast this spell.
You feel very sick. The killer bee stings you!
Casting: Sandblast (safe; 2% risk of failure)
Confirm with . or Enter, or press ? or * to list all spells.
Aiming: Sandblast (safe; 2% risk of failure)
Press: ? - help, Shift-Dir - straight line, f/p - killer bee
Aim: a killer bee (severely wounded, 65% to hit)
The blast of sand hits the killer bee!
You kill the killer bee!
You feel sick. The killer bee stings you.
* * * LOW HITPOINT WARNING * * *
The killer bee closely misses you.
Unknown command.
As you read the scroll labelled DAGOPU FEUNIE, it crumbles to dust.
It is a scroll of amnesia.
Okay, then.
You feel sick. The killer bee barely misses you. x2
Unknown command.
h - a ring of willpower (right paw)
You feel sick. The killer bee closely misses you.
Casting: Sandblast (safe; 2% risk of failure)
Confirm with . or Enter, or press ? or * to list all spells.
You don't have enough magic to cast this spell.
Casting: Sandblast (safe; 2% risk of failure)
Confirm with . or Enter, or press ? or * to list all spells.
You don't have enough magic to cast this spell.
You scratch the killer bee.
The killer bee is lightly wounded.
You feel sick. The killer bee stings you!
You die...

....# #.##.# .)..#
#.##.# ....# #.##.#
....#########.##.######
..............y.y$..
.##########.########
#.# #.###### #.y@...#
######.#


You could see a killer bee.

Vanquished Creatures
  2 ogres (D:4)
  A phantom (D:5)
  2 killer bees (D:5)
  A gnoll bouda (D:4)
  A bombardier beetle (D:3)
  A jelly (D:5)
  An orc priest (D:3)
  A hound (D:4)
  Terence (D:2)
  3 iguanas (D:4)
  A sleepcap (D:5)
  3 orc wizards
  Natasha (thrice) (D:2)
  4 gnolls (D:4)
  2 adders (D:2)
  A white imp (D:5)
  2 ufetubi (D:5)
  2 dart slugs (D:1)
  A ribbon worm (D:4)
  8 orcs
  2 bats (D:1)
  15 endoplasms
  2 giant cockroaches
  4 goblins
  4 hobgoblins
  2 quokkas
  A ball python (D:1)
  2 frilled lizards (D:2)
  4 kobolds
  3 rats
80 creatures vanquished.

Notes
Turn   | Place    | Note
-------+----------+-------------------------------------------
     0 | D:1      | BigDaddyOpFi the Felid Earth Elementalist began the quest
                  | for the Orb.
     0 | D:1      | Reached XP level 1. HP: 9/9 MP: 4/4
    80 | D:1      | Reached skill level 1 in Conjurations
   226 | D:1      | Reached XP level 2. HP: 13/13 MP: 1/6
  1226 | D:2      | Reached XP level 3. HP: 16/16 MP: 5/8
  1230 | D:2      | Learned a level 3 spell: Stone Arrow
  1301 | D:2      | Noticed Terence
  1319 | D:2      | Killed Terence
  1653 | D:2      | Reached XP level 4. HP: 21/21 MP: 6/9
  1653 | D:2      | Gained a life (2 lives remaining)
  1743 | D:2      | Found a hazy altar of Hepliaklqana.
  1778 | D:2      | Noticed Natasha
  1790 | D:2      | Killed Natasha
  1790 | D:2      | Frozen to death by an endoplasm
  1790 | D:2      | Lost a life (1 life remaining)
  1791 | D:2      | Reached skill level 1 in Unarmed Combat
  1887 | D:2      | Noticed Natasha
  1895 | D:2      | Killed Natasha
  2211 | D:2      | Noticed Natasha
  2260 | D:2      | Killed Natasha
  2261 | D:2      | Reached XP level 5. HP: 14/24 MP: 0/10
  2808 | D:3      | Killed from afar by an orc wizard
  2808 | D:3      | Lost a life (0 lives remaining)
  3303 | D:3      | Found a transporter.
  3303 | D:3      | Noticed Consumeair16's ghost (amateur GnFi)
  3307 | D:3      | Found a transporter.
  3326 | D:3      | Reached skill level 1 in Evocations
  3633 | D:4      | Noticed an ogre
  3636 | D:4      | Killed an ogre
  3637 | D:4      | Gained mutation: You are covered in thick fur. (AC +2)
                  | [Felid growth]
  3637 | D:4      | Reached XP level 6. HP: 28/28 MP: 7/12
  3837 | D:4      | Noticed a +0 falchion
  3842 | D:4      | Noticed a +0 short sword
  3842 | D:4      | Noticed a +0 short sword
  3842 | D:4      | Noticed a +0 dagger
  3843 | D:4      | Found a hide-covered altar of Uskayaw.
  3843 | D:4      | Noticed a +0 spear
  3843 | D:4      | Noticed a +0 falchion
  3843 | D:4      | Noticed a +0 dagger
  3843 | D:4      | Noticed a +0 spear
  4256 | D:4      | Found Zumoleaw's Antique Weapon Shop.
  4584 | D:4      | Reached XP level 7. HP: 32/32 MP: 4/13
  4584 | D:4      | Gained a life (1 life remaining)
  4666 | D:4      | Found a staircase to the Ecumenical Temple.
  4719 | D:4      | Killed from afar by an orc wizard
  4719 | D:4      | Lost a life (0 lives remaining)
  4859 | D:5      | Entered Level 5 of the Dungeon
  4870 | D:4      | Learned a level 4 spell: Brom's Barrelling Boulder
  4916 | Temple   | Entered the Ecumenical Temple
  5385 | D:5      | Slain by a killer bee

Illustrated notes

Levels and vault maps discovered:
D:1:      minmay_arrival_loop, layout_loops_corners, nrook_mini_backslash,
          hangedman_decor_push
D:2:      layout_basic, basic_altar, uniq_natasha, uniq_terence
D:3:      layout_basic, gammafunk_ghost_arena, serial_forest,
          infiniplex_forest_straight_5, infiniplex_forest_zigzag_1,
          infiniplex_forest_lined_room_2, infiniplex_forest_zigzag_1,
          infiniplex_forest_clump_tiny, infiniplex_forest_straight_2,
          infiniplex_forest_lined_room_, minmay_crystal_room, minmay_distorted
D:4:      layout_basic, nicolae_uskayaw_en_pointe, temple_hall, serial_shops,
          nicolae_inconvenience_store, chequers_garden
D:5:      layout_loops_ring
Temple:   minmay_temple_bridge_d

Skill      XL: |  1  2  3  4  5  6  7 |
---------------+----------------------+-----
Conjurations   | 1 2 3 4 |  4.7
Earth Magic    | 3 4 |  4.3
Spellcasting   | 3 4 |  4.2
Unarmed Combat | 1 2 3 |  3.2
Evocations     | 1 2 |  2.9
Dodging        | |  2.6
Stealth        | |  2.6

Action                     |  1- 3 |  4- 6 |  7- 9 || total
---------------------------+-------+-------+-------++-------
  Melee: Unarmed           |     2 |     8 |     3 ||    13
         Punch             |       |     1 |       ||     1
         Bite              |       |     1 |       ||     1
   Cast: Sandblast         |    44 |    66 |    33 ||   143
         Stone Arrow       |     1 |    12 |    10 ||    23
    Use: Potion            |     3 |     2 |     5 ||    10
         Scroll            |       |     3 |     1 ||     4
 Armour: Skin              |    12 |    19 |    27 ||    58
  Dodge: Dodged            |    12 |    31 |    37 ||    80
